 Dungeon Crawl Stone Soup version 0.28-a0-1629-gf728b707aa (webtiles) character file.

Game seed: 5682337600520644820

2647 Hasart the Insei (level 9, -4/69 HPs)
             Began as an Octopode Transmuter on Jan 24, 2022.
             Was an Initiate of Gozag.
             Slain by Harold (14 damage)
             ... on level 8 of the Dungeon.
             The game lasted 00:13:44 (9477 turns).

Hasart the Insei (Octopode Transmuter)              Turns: 9477, Time: 00:13:45

Health: -4/69      AC:  6    Str:  9    XL:     9   Next: 62%
Magic:  11/15      EV: 11    Int: 19    God:    Gozag
Gold:   628        SH:  0    Dex: 13    Spells: 7/16 levels left

rFire   x . .      SeeInvis .     - Unarmed
rCold   + + +      Faith    .   (shield currently unavailable)
rNeg    . . .      Spirit   .   (helmet currently unavailable)
rPois   +          Reflect  .   r - amulet of regeneration
rElec   .          Harm     .   m - ring of willpower
rCorr   +          Rampage  .   i - ring of resist corrosion
Will    +....                   (no ring)
Stlth   +.........              (no ring)
HPRegen 1.01/turn               (no ring)
MPRegen 0.14/turn               (no ring)
                                (no ring)
                                (no ring)

@: ice-form, marked
A: freezing attack, boosted hp, almost no armour, amphibious, 8 rings, large,
(camouflage 1), (gelatinous body 1), (nimble swimmer 1), (tentacles)
a: End Transformation, Renounce Religion, Potion Petition, Call Merchant, Bribe
Branch


You were on level 8 of the Dungeon.
You worshipped Gozag.
Gozag was pleased with you.
You were a creature of crystalline ice.
You visited 2 branches of the dungeon, and saw 9 of its levels.

You collected 712 gold pieces.
You spent 14 gold pieces at shops.
You paid 70 gold pieces to Gozag.

Inventory:

Missiles
 b - 5 curare-tipped darts (quivered)
 f - 5 poisoned darts
 g - 8 boomerangs
Jewellery
 i - a ring of resist corrosion (right front paw)
 m - a ring of willpower (left front paw)
 r - an amulet of regeneration (around neck)
 t - an amulet of the acrobat
Wands
 h - a wand of polymorph (10)
 j - a wand of iceblast (33)
 l - a wand of digging (5)
 u - a wand of charming (12)
Scrolls
 a - 10 scrolls of identify
 n - a scroll of enchant armour
 o - a scroll of fog {unknown}
 p - 2 scrolls of teleportation {unknown}
 v - a scroll of summoning {unknown}
Potions
 c - 2 potions of heal wounds {unknown}
 d - a potion of brilliance {unknown}
 e - 2 potions of haste {unknown}
 k - 2 potions of curing
 q - 2 potions of degeneration {unknown}
 s - a potion of might {unknown}


   Skills:
 + Level 4.3 Fighting
 + Level 3.8 Throwing
 + Level 4.8 Dodging
 * Level 6.9 Unarmed Combat
 + Level 4.3 Spellcasting
 + Level 4.6 Transmutations
 + Level 1.3 Ice Magic
 + Level 4.6 Poison Magic
 + Level 3.6 Evocations


You had 7 spell levels left.
You knew the following spells:

 Your Spells              Type           Power      Damage    Failure   Level
a - Ice Form              Ice/Tmut       15%        N/A       36%         4
b - Wereblood             Tmut           21%        N/A       3%          2
c - Spider Form           Tmut/Pois      21%        N/A       6%          3

Your spell library contained the following spells:

 Spells                   Type           Power      Damage    Failure   Level
 Beastly Appendage        Tmut           42%        N/A       1%          1
 Inner Flame              Hex/Fire       4%         N/A       38%         3
 Stone Arrow              Conj/Erth      8%         3d7       38%         3
 Cause Fear               Hex            2%         N/A       80%         4
 Discord                  Hex            2%         N/A       100%        8
 Lehudib's Crystal Spear  Conj/Erth      2%         10d2      100%        8
 Animate Armour           Summ/Erth      Unusable   N/A       N/A         4

Dungeon Overview and Level Annotations

Branches:
Dungeon (8/15)             Temple (1/1) D:4
   Lair: D:8-11

Altars:
Ashenzari
Cheibriados
Elyvilon
Fedhas
Gozag
Makhleb
Okawaru
Ru
Sif Muna
Uskayaw
Vehumet
Wu Jian
Xom
Yredelemnul
Zin
The Shining One
Beogh

Shops:
D:5 *

Annotations:
D:4 2 runed translucent doors, kae's ghost, amateur DsFi
D:8 Harold


Innate Abilities, Weirdness & Mutations

You are a creature of crystalline ice.
You have a powerful freezing melee attack.
Your maximum health is increased.
Your armour is entirely melded.
You are incapable of wielding weapons or throwing items.
You cannot wear most types of armour.
You are amphibious.
You can wear up to eight rings at the same time.
((Your skin changes colour to match your surroundings (Stealth+).))
((Your rubbery body absorbs attacks. (AC +1, EV +1)))
((You are camouflaged when in or above water. (Stealth+)))
((You have tentacles for arms and can constrict up to eight enemies at once.))


Message History

Harold misses you.
You see here a throwing net.
Your transformation has ended.
Harold gestures at you while chanting.
You barely resist.
Harold throws a throwing net.
The throwing net hits you.
You become entangled in the net!
You see here a throwing net.
You struggle against the net.
You struggle against the net.
You struggle against the net.
Harold gestures at you while chanting. A sentinel's mark forms upon you.
You shred the net and break free!
Harold hits you from afar with a +0 trident!
Casting: Spider Form (dangerous; 6% risk of failure)
Confirm with . or Enter, or press ? or * to list all spells.
The spell is quite dangerous to miscast (36% risk of failure)!
Continue anyway?
You turn into a creature of crystalline ice.
Harold hits you from afar with a +0 trident.
Unknown command.
Harold gestures at you while chanting.
You barely resist. You punch Harold! You freeze Harold.
Harold is severely wounded.
Harold hits you with a +0 trident!!
You hit Harold but do no damage.
Harold is severely wounded.
Harold hits you with a +0 trident!
* * * LOW HITPOINT WARNING * * *
You punch Harold! You freeze Harold.
Harold is almost dead.
Harold hits you with a +0 trident!
* * * LOW HITPOINT WARNING * * *
Unknown command.
You punch Harold! You freeze Harold.
Harold is almost dead.
Harold hits you with a +0 trident!
You die...
Your body crumbles into a pile of gold.

############ #..........#
#### #.########.#######
..?.########......###.#......
...........'...............>#
.......#####Y.....###...###..
....... #@.....# #...# #..
..(.... ##......# #...# #..
..≈....####.#+##### #.....#..
.≈≈≈...$(..(# #..##.#..
.≈≈≈....###.# #..# .#..
..≈≈....# #... .... #..
........# ###.# ###########..
####+##.. .# #............


You could see Harold (very poisoned).

Vanquished Creatures
  An unseen horror (D:7)
  2 water moccasins
  A sky beast (D:4)
  2 black bears
  An orc warrior (D:5)
  5 ogres
  A centaur (D:5)
  A phantom (D:5)
  2 scorpions
  4 water moccasin skeletons
  4 wights (D:7)
  5 crimson imps
  3 bullfrog zombies
  A hound (D:7)
  2 jellies
  2 orc priests
  2 bullfrog skeletons (D:5)
  A centaur skeleton (D:7)
  2 iguanas
  4 gnolls
  6 adders
  2 shadow imps
  3 white imps
  4 worms
  3 dart slugs
  13 orcs
  7 endoplasms
  2 giant cockroaches
  6 goblins
  9 hobgoblins
  3 kobolds
  3 quokkas
  2 ball pythons
  5 bats
  4 frilled lizards
  6 rats
124 creatures vanquished.

Notes
Turn   | Place    | Note
-------+----------+-------------------------------------------
     0 | D:1      | Hasart the Octopode Transmuter began the quest for the Orb.
     0 | D:1      | Reached XP level 1. HP: 13/13 MP: 3/3
   200 | D:1      | Reached XP level 2. HP: 18/18 MP: 5/5
   953 | D:2      | Reached XP level 3. HP: 18/23 MP: 4/6
   969 | D:1      | Learned a level 2 spell: Wereblood
   973 | D:1      | Learned a level 3 spell: Spider Form
  1592 | D:2      | Found a faded altar of an unknown god.
  1609 | D:2      | Reached XP level 4. HP: 28/28 MP: 7/7
  3075 | D:3      | Reached XP level 5. HP: 34/34 MP: 8/8
  3110 | D:3      | Reached skill level 1 in Poison Magic
  3313 | D:3      | Reached skill level 4 in Unarmed Combat
  3319 | D:3      | HP: 1/34 [orc (10)]
  3687 | D:4      | Found a runed translucent door.
  3688 | D:4      | Noticed kae's ghost (amateur DsFi)
  3763 | D:4      | Reached skill level 1 in Throwing
  4124 | D:4      | Noticed an ogre
  4132 | D:4      | Killed an ogre
  4133 | D:4      | Reached XP level 6. HP: 40/40 MP: 5/10
  4192 | D:4      | Noticed a sky beast
  4200 | D:4      | Killed a sky beast
  4378 | D:4      | Found a runed translucent door.
  4398 | D:4      | Reached XP level 7. HP: 40/45 MP: 8/11
  4823 | D:4      | Found a staircase to the Ecumenical Temple.
  4883 | Temple   | Entered the Ecumenical Temple
  4895 | Temple   | Became a worshipper of Gozag Ym Sagoz the Greedy
  5254 | D:5      | Entered Level 5 of the Dungeon
  5278 | D:5      | Reached skill level 5 in Unarmed Combat
  5278 | D:5      | Reached skill level 1 in Evocations
  5446 | D:5      | Reached XP level 8. HP: 52/52 MP: 5/12
  6136 | D:5      | Found Usy Ipn's CLEARANCE SALE!.
  6143 | D:5      | Bought a scroll of identify for 14 gold pieces
  6450 | D:5      | Reached skill level 6 in Unarmed Combat
  7227 | D:6      | Found a glowing silver altar of Zin.
  7431 | D:6      | Reached XP level 9. HP: 42/58 MP: 10/14
  7923 | D:6      | Learned a level 4 spell: Ice Form
  9046 | D:7      | Killed an unseen horror
  9047 | D:7      | Reached skill level 1 in Ice Magic
  9095 | D:7      | Found an ornate altar of the Wu Jian Council.
  9138 | D:7      | Found a shimmering altar of Xom.
  9272 | D:7      | Noticed a spectral centipede
  9445 | D:8      | Noticed Harold
  9477 | D:8      | Slain by Harold

Illustrated notes

Levels and vault maps discovered:
D:1:      scummos_arrival_forest, layout_loops_ring, patterned_corridor
D:2:      layout_loops_ring, ebering_ecumenical_altar_abandoned,
          minmay_box_of_dots
D:3:      layout_loops_ring, kennysheep_orc_chapel
D:4:      layout_basic, minmay_temple_entry_glassed_door, ebering_ghost_sewer_f
D:5:      layout_basic, nicolae_shop_clearance
D:6:      layout_basic, mainiacjoe_overflow_24_doors, minmay_fire_ice_demons
D:7:      layout_basic, pdpol_wu_jian_five_deadly_venoms, led_xom_imps,
          minmay_misc_feat_x
D:8:      layout_basic, uniq_harold
Temple:   nicolae_temple_x_marks_the_god

Skill      XL: |  1  2  3  4  5  6  7  8  9 |
---------------+----------------------------+-----
Poison Magic   | 1 2 3 4 |  4.6
Fighting       | 2 3 4 |  4.3
Unarmed Combat | 4 5 6 |  6.9
Throwing       | 1 2 3 |  3.8
Dodging        | 3 4 |  4.8
Transmutations | 3 4 |  4.6
Spellcasting   | 3 4 |  4.3
Evocations     | 1 2 3 |  3.6
Ice Magic      | 1 |  1.3

Action                   |  1- 3 |  4- 6 |  7- 9 || total
-------------------------+-------+-------+-------++-------
Melee: Unarmed           |    65 |   110 |   214 ||   389
       Constrict         |    14 |    21 |    21 ||    56
       Tentacles         |     9 |    23 |    33 ||    65
       Kick              |    10 |     2 |     4 ||    16
       Punch             |     3 |     2 |    10 ||    15
Throw: Dart              |       |     3 |     3 ||     6
 Cast: Beastly Appendage |     4 |     1 |     2 ||     7
       Spider Form       |       |     4 |    16 ||    20
       Wereblood         |       |     1 |     3 ||     4
       Ice Form          |       |       |     3 ||     3
  Use: Scroll            |       |       |     7 ||     7
       Potion            |       |       |     1 ||     1
 Stab: Sleeping          |     7 |     7 |     4 ||    18
       Distracted        |       |       |     1 ||     1
       Invisible         |       |       |     2 ||     2
Armor: Skin              |     1 |     8 |    13 ||    22
Dodge: Dodged            |    29 |    65 |   133 ||   227

Table legend: (Time is in decaauts)
 A = Elapsed time spent in this place.
 B = Non-inter-level travel time spent in this place.
 C = Inter-level travel time spent in this place.
 D = Time resting spent in this place.
 E = Time spent auto-exploring this place.
 F = Levels seen in this place.
 G = Mean time per level.
                   A        B        C        D        E       F      G
               +--------+--------+--------+--------+--------+-----+--------+
         Total |   9440 |   9213 |    227 |    606 |   7402 |   9 | 1048.9 |
       Dungeon |   9418 |   9202 |    216 |    606 |   7399 |   8 | 1177.2 |
        Temple |     22 |     12 |     10 |      0 |      3 |   1 |   22.0 |
               +--------+--------+--------+--------+--------+-----+--------+

Top non-repeatable levels by time:
     D:5: 1740 daAuts
     D:4: 1575 daAuts
     D:6: 1418 daAuts
     D:2: 1251 daAuts
     D:3: 1198 daAuts
     D:1: 1191 daAuts
     D:7: 859 daAuts
     D:8: 181 daAuts
  Temple: 22 daAuts
